 Dungeon Crawl Stone Soup version 0.22-a0-409-gb855193 (webtiles) character file.

13804 raistware the Thaumaturge (level 11, -25/68 HPs)
             Began as a Mummy Wizard on May 9, 2018.
             Was a High Priest of Sif Muna.
             Annihilated by a large abomination (36 damage)
             ... on level 3 of the Abyss on May 10, 2018.
             The game lasted 01:22:42 (14139 turns).

raistware the Thaumaturge (Mummy Wizard)           Turns: 14139, Time: 01:22:44

Health: -25/68     AC:  7    Str: 10    XL:     11   Next: 80%
Magic:  42/42      EV: 12    Int: 21    God:    Sif Muna [*****.]
Gold:   738        SH:  0    Dex: 11    Spells: 9/34 levels left

rFire    . . .     SeeInvis .   u - staff of power
rCold    . . .     Gourm    .   (no shield)
rNeg     + + +     Faith    .   a - +0 robe
rPois    ∞         Spirit   .   z - +0 helmet
rElec    .         Reflect  .   (no cloak)
rCorr    .         Harm     .   h - +2 pair of gloves {archery}
MR       +....                  M - +0 pair of boots
Stlth    +.........             (no amulet)
HPRegen  0.21/turn              d - ring of wizardry
MPRegen  0.28/turn              F - ring of fire

@: confused
A: no food or potions, fire vulnerability, cold resistance 1, negative energy
resistance 3, torment resistance, unbreathing
a: Divine Energy, Channel Magic, Forget Spell, Renounce Religion


You were on level 3 of the Abyss.
You worshipped Sif Muna.
Sif Muna was extremely pleased with you.
You were not hungry.

You visited 3 branches of the dungeon, and saw 13 of its levels.
You visited the Abyss 1 time.

You collected 958 gold pieces.
You spent 220 gold pieces at shops.

Inventory:

Hand Weapons
 j - a +0 whip
 o - a +1 hunting sling
 p - a +2 dagger of protection
 A - a +2 quarterstaff of speed
 L - the +4 quarterstaff of Terra Nullius {distort, *Rage +Blink rC- MR+++}
   (You found it on level 1 of the Lair of Beasts)

   It warps and distorts space around it.
   Unwielding it can cause banishment or high damage.
   It makes you vulnerable to cold.
   It affects your resistance to hostile enchantments.
   It lets you blink.
   It may make you go berserk in combat.
Missiles
 i - 329 stones
 n - 45 sling bullets (quivered)
 t - 2 throwing nets
Armour
 a - a +0 robe (worn)
 h - a +2 pair of gloves of archery (worn)
 z - a +0 helmet (worn)
 J - +0 steam dragon scales
 M - a +0 pair of boots (worn)
Magical Staves
 u - an uncursed staff of power (weapon)
 y - an uncursed staff of summoning
Jewellery
 d - a ring of wizardry (left hand)
 q - an uncursed ring of protection from cold
 r - an uncursed ring of ice
 B - an uncursed ring of stealth
 F - a ring of fire (right hand)
 O - an uncursed ring of see invisible {unknown}
Wands
 s - a wand of iceblast (14)
 v - a wand of digging (24)
 G - a wand of polymorph (8)
 K - a wand of disintegration (9)
Scrolls
 b - a scroll of fear
 c - 2 scrolls of noise
 e - 3 scrolls of enchant weapon
 f - 2 scrolls of enchant armour
 g - 12 scrolls of teleportation
 k - 3 scrolls of remove curse
 l - 6 scrolls of identify
 m - 2 scrolls of blinking
 w - 2 scrolls of amnesia
 x - 2 scrolls of magic mapping
 C - 2 scrolls of vulnerability
 D - 3 scrolls of random uselessness
 E - a scroll of summoning
 H - a scroll of acquirement
 I - a scroll of fog
 N - a scroll of torment {unknown}


   Skills:
 - Level 1.5 Dodging
 - Level 1.5 Stealth
 + Level 12.1 Spellcasting
 + Level 11.7 Conjurations
 - Level 1.0 Summonings
 - Level 1.0 Translocations
 + Level 5.3 Fire Magic
 + Level 4.5 Ice Magic


You had 9 spell levels left.
You knew the following spells:

 Your Spells              Type           Power        Failure   Level  Hunger
a - Magic Dart            Conj           ####         1%          1    N/A
b - Blink                 Tloc           N/A          2%          2    N/A
c - Call Imp              Summ           ###.....     2%          2    N/A
d - Conjure Flame         Conj/Fire      ######..     1%          3    N/A
e - Mephitic Cloud        Conj/Pois/Air  ####....     1%          3    N/A
f - Apportation           Tloc           ###...       1%          1    N/A
g - Bolt of Magma         Conj/Fire/Erth ######....   6%          5    N/A
h - Throw Icicle          Conj/Ice       #####...     1%          4    N/A
i - Sticky Flame          Conj/Fire      ######..     1%          4    N/A

Dungeon Overview and Level Annotations

Branches:
Dungeon (10/15)            Temple (1/1) D:6            Lair (2/6) D:9
    Orc (0/2) D:9
  Swamp: Lair:2-4    Shoals: Lair:2-4     Snake: Lair:2-4    Spider: Lair:2-4

Altars:
Ashenzari
Cheibriados
Dithmenos
Elyvilon
Fedhas
Gozag
Hepliaklqana
Kikubaaqudgha
Makhleb
Nemelex Xobeh
Okawaru
Qazlal
Ru
Sif Muna
Trog
Uskayaw
Vehumet
Wu Jian
Xom
Yredelemnul
Zin
The Shining One

Shops:
D:8 ?

Annotations:
D:6 exclusion: oklob plant


Innate Abilities, Weirdness & Mutations

You do not eat or drink.
Your flesh is vulnerable to fire.
You are immune to poison.
Your flesh is cold resistant. (rC+)
You are immune to negative energy. (rN+++)
You are immune to unholy pain and torment.
You can survive without breathing.


Message History

You bump into the rock wall.
You completely miss the golden eye. The golden eye blinks at you.
You are more confused.
The large abomination hits you!
* * * LOW HITPOINT WARNING * * *
The golden eye blinks at you.
You are more confused.
The large abomination barely misses you.
You barely miss the golden eye. The golden eye blinks at you.
You are more confused.
The large abomination closely misses you.
You bump into the rock wall.
The golden eye turns its gaze towards you.
The golden eye blinks at you.
You are more confused.
The large abomination hits you!!!
Ouch! That really hurt!
You die...

# # .
...####. ###
... ..# ####.
#.## #.. #..
a#X# #G# ...#
#####@#
...####..XX.#
#..###..#####
......##
#.... .. ...
........ ...
..##### # #.#
### #


You could see 2 large abominations and a golden eye.

Vanquished Creatures
  2 two-headed ogres (D:10)
  A centaur zombie (D:10)
  2 black mambas
  A spiny frog (Lair:1)
  The ghost of dstrtnsr the Chopper, an amateur HOBe of Trog (D:3)
  A troll (D:10)
  2 hippogriffs
  A wyvern (D:10)
  A wraith (D:10)
  A spriggan (D:7)
  22 yaks
  A hungry ghost (D:8)
  Edmund (D:5)
  4 porcupines
  2 hell hounds (D:9)
  2 black bears
  3 sky beasts
  3 ice beasts
  An orc warrior (D:9)
  5 ogres
  4 wolves
  8 centaurs
  2 crocodiles (Lair:1)
  3 big kobolds
  7 bullfrogs
  4 scorpions
  10 killer bees
  3 howler monkeys
  9 wights
  6 crimson imps
  A centaur skeleton (D:6)
  14 jellies
  A quasit (D:8)
  4 bullfrog skeletons
  4 hounds
  A gnoll shaman (D:6)
  3 orc priests (D:8)
  12 orc wizards
  5 worker ants
  8 gnolls
  A howler monkey skeleton (D:7)
  14 adders
  A shadow imp (D:10)
  10 oozes (D:6)
  An adder skeleton (D:4)
  4 worms
  5 leopard geckos
  30 orcs
  A ball python (D:3)
  A giant cockroach (D:3)
  17 goblins
  16 hobgoblins
  6 jackals
  A quokka (D:2)
  6 bats
  19 frilled lizards
  A jackal skeleton (D:6)
  18 kobolds
  A quokka skeleton (D:5)
  10 rats
  2 bushes (D:4)
  2 plants (D:4)
333 creatures vanquished.

Vanquished Creatures (collateral kills)
  A hippogriff (D:8)
  A yak (D:8)
  A scorpion (D:7)
  A dart slug (D:1)
  An orc (D:8)
5 creatures vanquished.

Vanquished Creatures (others)
  3 fungi (D:6)
3 creatures vanquished.

Grand Total: 341 creatures vanquished

Notes
Turn   | Place    | Note
-------+----------+-------------------------------------------
     0 | D:1      | raistware the Mummy Wizard began the quest for the Orb.
     0 | D:1      | Reached XP level 1. HP: 13/13 MP: 5/5
    37 | D:1      | Reached skill level 1 in Conjurations
   186 | D:1      | Reached XP level 2. HP: 12/19 MP: 0/7
   190 | D:1      | Learned a level 2 spell: Blink
   220 | D:1      | Learned a level 2 spell: Call Imp
   971 | D:1      | Reached XP level 3. HP: 15/24 MP: 3/8
  1100 | D:1      | Learned a level 3 spell: Conjure Flame
  1431 | D:2      | Reached XP level 4. HP: 21/30 MP: 1/10
  1436 | D:2      | Learned a level 3 spell: Mephitic Cloud
  2307 | D:3      | Reached XP level 5. HP: 26/35 MP: 5/11
  2594 | D:3      | Noticed dstrtnsr's ghost (amateur HOBe)
  2756 | D:3      | Killed dstrtnsr's ghost
  2756 | D:3      | Reached skill level 5 in Spellcasting
  2756 | D:3      | Reached skill level 5 in Conjurations
  2756 | D:3      | Reached skill level 1 in Fire Magic
  2756 | D:3      | Reached XP level 6. HP: 21/41 MP: 0/14
  3315 | D:4      | Found a sparkling altar of Nemelex Xobeh.
  3429 | D:4      | Reached XP level 7. HP: 44/46 MP: 11/15
  3544 | D:4      | Learned a level 1 spell: Apportation
  3853 | D:4      | Reached skill level 6 in Spellcasting
  4136 | D:5      | Entered Level 5 of the Dungeon
  4768 | D:5      | Found a snail-covered altar of Cheibriados.
  4773 | D:5      | Found a burning altar of Makhleb.
  4775 | D:5      | Found a shadowy altar of Dithmenos.
  5060 | D:5      | Noticed Edmund
  5088 | D:5      | Killed Edmund
  5343 | D:5      | Found an iron altar of Okawaru.
  5648 | D:6      | Reached XP level 8. HP: 28/52 MP: 16/17
  5725 | D:6      | Found a shimmering altar of Xom.
  6063 | D:6      | Found a staircase to the Ecumenical Temple.
  6083 | Temple   | Entered the Ecumenical Temple
  6285 | Temple   | Became a worshipper of Sif Muna the Loreminder
  6323 | D:6      | Reached skill level 7 in Spellcasting
  6658 | D:6      | Noticed an oklob plant
  6704 | D:6      | Reached * piety under Sif Muna
  7183 | D:6      | Reached XP level 9. HP: 41/57 MP: 20/20
  7212 | D:6      | Reached skill level 8 in Spellcasting
  7635 | D:7      | Reached ** piety under Sif Muna
  7989 | D:7      | Reached skill level 9 in Spellcasting
  7989 | D:7      | Reached skill level 5 in Fire Magic
  8735 | D:8      | Reached skill level 1 in Summonings
  8764 | D:8      | Reached skill level 1 in Translocations
  8926 | D:8      | Reached *** piety under Sif Muna
  8926 | D:8      | Reached XP level 10. HP: 63/63 MP: 18/23
  8968 | D:8      | Found Qioqek's Magic Scroll Emporium.
  8975 | D:8      | Bought a scroll of vulnerability for 97 gold pieces
  8975 | D:8      | Bought a scroll of summoning for 123 gold pieces
  9241 | D:8      | Found a hide-covered altar of Uskayaw.
  9243 | D:8      | Noticed a dagger
  9243 | D:8      | Noticed a hand axe
  9743 | D:8      | Reached skill level 10 in Spellcasting
  9804 | D:8      | Reached skill level 10 in Conjurations
 10357 | D:9      | Found a staircase to the Orcish Mines.
 10363 | D:9      | Reached **** piety under Sif Muna
 10472 | D:9      | Found a staircase to the Lair.
 10825 | D:10     | Entered Level 10 of the Dungeon
 11024 | D:10     | Identified the Reference Book on Earth
 11034 | D:10     | Learned a level 5 spell: Bolt of Magma
 11227 | D:10     | Reached skill level 11 in Spellcasting
 11357 | D:10     | Reached XP level 11. HP: 68/68 MP: 26/26
 11444 | D:10     | Reached ***** piety under Sif Muna
 11447 | D:10     | Identified Sif Muna's Handbook of Conjuration (Sif Muna gifted it to you on level 10 of the Dungeon)
 11447 | D:10     | Received a gift from Sif Muna
 11454 | D:10     | Learned a level 4 spell: Throw Icicle
 11459 | D:10     | Learned a level 4 spell: Sticky Flame
 11591 | D:10     | Reached skill level 1 in Ice Magic
 11625 | D:10     | Noticed a two-headed ogre
 11652 | D:10     | Killed a two-headed ogre
 11865 | D:10     | Upgraded the game from 0.22-a0-407-gb098539 to 0.22-a0-409-gb855193
 11934 | D:10     | Noticed a two-headed ogre
 11943 | D:10     | Killed a two-headed ogre
 12251 | Lair:1   | Entered Level 1 of the Lair of Beasts
 12801 | Lair:1   | Got a brightly glowing quarterstaff
 12802 | Lair:1   | Identified the +4 quarterstaff of Terra Nullius {distort, *Rage +Blink rC- MR+++} (You found it on level 1 of the Lair of Beasts)
 12804 | Lair:1   | Identified a scroll of acquirement
 12905 | Lair:1   | Reached skill level 12 in Spellcasting
 13949 | Lair:2   | Cast into level 3 of the Abyss (a distortion unwield)
 14001 | Abyss:3  | Noticed a wretched star
 14007 | Abyss:3  | Noticed a blizzard demon
 14007 | Abyss:3  | Found a sparkling altar of Nemelex Xobeh.
 14043 | Abyss:3  | Noticed a large abomination
 14078 | Abyss:3  | Noticed a flayed ghost
 14139 | Abyss:3  | Annihilated by a large abomination

Vault maps used:
D:1:      dpeg_arrival_rhombus, minmay_lizard_king
D:3:      cheibrodos_greedy_goblins, first_ration, st_stairs_10,
          minmay_joined_circles
D:4:      lemuel_round_altar, lexackson_kobold_supper
D:5:      gammafunk_temple_overflow_forgotten, kennysheep_okawaru_gauntlet,
          uniq_edmund
D:6:      lemuel_slime, kennysheep_mini, minmay_temple_entry_butterflies,
          centaur_isle
D:7:      the_bakery, minmay_holes
D:8:      dancing_weapons_uskayaw, serial_shops, shop_scrolls
D:9:      minmay_lair_entry_lava, orc_0_dummy
Temple:   regret_index_temple_generic_petals
Lair:2:   grunt_megastairs_5, serial_bayou_shore_a
Abyss:3:  evilmike_abyss_exit_glass, dshaligram_kb_abyss_rune_zappy_water_cross

Skill      XL: |  1  2  3  4  5  6  7  8  9 10 11 |
---------------+----------------------------------+-----
Conjurations   | 1 2 3 5 6 7 9 10 11 | 11.7
Spellcasting   | 5 6 7 9 11 12 | 12.1
Fire Magic     | 1 2 4 5 |  5.3
Summonings     | 1 |  1.0
Translocations | 1 |  1.0
Ice Magic      | 4 |  4.5
Dodging        | |  1.5
Stealth        | |  1.5

Action                   |  1- 3 |  4- 6 |  7- 9 | 10-12 || total
-------------------------+-------+-------+-------+-------++-------
Melee: Unarmed           |     3 |       |       |       ||     3
       Whip              |    10 |    21 |   144 |       ||   175
       Dagger            |       |    24 |   390 |       ||   414
       Staff             |       |       |     4 |    28 ||    32
       Quarterstaff      |       |       |     9 |    16 ||    25
 Fire: Hunting sling     |       |   121 |   116 |    19 ||   256
 Cast: Magic Dart        |    78 |    58 |   232 |   203 ||   571
       Call Imp          |     1 |     1 |     8 |     5 ||    15
       Conjure Flame     |       |    10 |    42 |    45 ||    97
       Mephitic Cloud    |       |     3 |    22 |    20 ||    45
       Bolt of Magma     |       |       |       |    11 ||    11
       Blink             |       |       |       |    12 ||    12
       Apportation       |       |       |       |    11 ||    11
       Throw Icicle      |       |       |       |    55 ||    55
       Sticky Flame      |       |       |       |     7 ||     7
Evoke: Wand              |       |       |       |     6 ||     6
  Use: Scroll            |       |     6 |       |     7 ||    13
 Stab: Confused          |       |     1 |       |       ||     1
Armor: Robe              |     7 |    26 |    24 |    46 ||   103
Dodge: Dodged            |    20 |    69 |    82 |   118 ||   289

Table legend:
 A = Spawn XP
 B = Non-spawn XP
 C = Spawn XP percentage of total XP
 D = Spawn monster count
 E = Non-spawn monster count
 F = Spawn count percentage of total count
 G = Total turns spent on level
                    A         B        C        D         E        F      G
               +---------+---------+-------+---------+---------+-------+---------
         Total |       0 |   19720 |   0.0 |       0 |     334 |   0.0 | 14139
               +---------+---------+-------+---------+---------+-------+---------
           D:1 |       0 |      47 |   0.0 |       0 |      30 |   0.0 |  1101
           D:2 |       0 |      91 |   0.0 |       0 |      18 |   0.0 |   732
           D:3 |       0 |     566 |   0.0 |       0 |      56 |   0.0 |  1391
           D:4 |       0 |     354 |   0.0 |       0 |      20 |   0.0 |  1542
           D:5 |       0 |     282 |   0.0 |       0 |       9 |   0.0 |   832
           D:6 |       0 |    2158 |   0.0 |       0 |      51 |   0.0 |  1718
           D:7 |       0 |    1516 |   0.0 |       0 |      29 |   0.0 |  1039
           D:8 |       0 |    3012 |   0.0 |       0 |      51 |   0.0 |  1533
           D:9 |       0 |    1187 |   0.0 |       0 |      16 |   0.0 |   902
          D:10 |       0 |    6545 |   0.0 |       0 |      33 |   0.0 |  1227
        Lair:1 |       0 |    3281 |   0.0 |       0 |      18 |   0.0 |  1476
        Lair:2 |       0 |     681 |   0.0 |       0 |       3 |   0.0 |   222
               +---------+---------+-------+---------+---------+-------+---------
